 Dungeon Crawl Stone Soup version 0.30.0-19-g36f170ea60 (webtiles) character file.

Game seed: 510172072128849073

556 FishyPogo the Insei (level 7, -7/52 HPs)
             Began as a Gnoll Transmuter on May 30, 2023.
             Was a Priest of Wu Jian.
             Mangled by an ice beast (19 damage)
             ... on level 5 of the Dungeon.
             The game lasted 00:19:00 (2805 turns).

FishyPogo the Insei (Gnoll Transmuter)              Turns: 2805, Time: 00:19:01

Health: -7/52      AC:  2    Str:  9    XL:     7   Next: 30%
Magic:  12/15      EV: 22    Int: 15    God:    Wu Jian [***...]
Gold:   200        SH:  0    Dex: 17    Spells: 8/17 levels left

rFire   + . .        v - melded +4 quarterstaff (chaos)
rCold   x . .        (shield currently unavailable)
rNeg    . . .        a - melded +0 robe
rPois   x            (helmet currently unavailable)
rElec   .            w - melded +2 cloak
rCorr   .            (gloves currently unavailable)
SInv    .            (boots currently unavailable)
Will    .....        m - amulet of magic regeneration
Stlth   ++           f - ring of fire
HPRegen 0.28/turn    (no ring)
MPRegen 0.54/turn

%: no passive effects
@: spider-form, wereblooded (expiring)
A: venomous fangs, tiny, (fangs 1), strong nose, distributed training
a: End Transformation, Renounce Religion, Wall Jump, Serpent's Lash


You were on level 5 of the Dungeon.
You worshipped Wu Jian.
Wu Jian was most pleased with you.
You were a venomous arachnid creature.
You visited 2 branches of the dungeon, and saw 6 of its levels.

You collected 200 gold pieces.

Inventory:

Hand Weapons
 v - a +4 quarterstaff of chaos (melded)
Missiles
 l - 46 stones
 q - 11 poisoned darts
Armour
 a - a +0 robe (melded)
 w - a +2 cloak (melded)
Magical Staves
 t - a staff of death
Jewellery
 f - a ring of fire (left front pincers)
 m - an amulet of magic regeneration (around neck)
 o - an amulet of the acrobat
Scrolls
 c - a scroll of enchant armour {unknown}
 g - a scroll of noise {unknown}
 i - a scroll of enchant weapon {unknown}
 j - 2 scrolls of vulnerability {unknown}
 k - 5 scrolls of identify {unknown}
 n - 2 scrolls of teleportation {unknown}
 y - a scroll of amnesia {unknown}
 z - a scroll of silence {unknown}
Potions
 b - a potion of lignification
 d - 2 potions of heal wounds {unknown}
 e - 2 potions of ambrosia {unknown}
 h - a potion of cancellation {unknown}
 p - a potion of brilliance {unknown}
 r - a potion of resistance {unknown}
 s - a potion of degeneration {unknown}
 u - a potion of might {unknown}
 x - a potion of magic {unknown}


   Skills:
 + Level 3.6 Fighting
 + Level 2.5 Short Blades
 + Level 2.5 Long Blades
 + Level 2.5 Axes
 + Level 2.5 Maces & Flails
 + Level 2.5 Polearms
 + Level 2.5 Staves
 + Level 2.5 Ranged Weapons
 + Level 2.5 Throwing
 + Level 2.5 Armour
 + Level 5.2 Dodging
 + Level 2.5 Stealth
 + Level 2.5 Shields
 + Level 7.0 Unarmed Combat
 + Level 5.6 Spellcasting
 + Level 2.0 Conjurations
 + Level 2.0 Hexes
 + Level 2.0 Summonings
 + Level 2.0 Necromancy
 + Level 2.0 Translocations
 + Level 4.3 Transmutations
 + Level 2.0 Fire Magic
 + Level 2.0 Ice Magic
 + Level 2.0 Air Magic
 + Level 2.0 Earth Magic
 + Level 2.0 Poison Magic
 + Level 2.8 Invocations
 + Level 2.5 Evocations


You had 8 spell levels left.
You knew the following spells:

 Your Spells              Type           Power      Damage    Failure   Level
a - Beastly Appendage     Tmut           34%        N/A       10%         1
b - Wereblood             Tmut           17%        N/A       12%         2
c - Spider Form           Tmut/Pois      13%        N/A       28%         3
d - Vampiric Draining     Necr           10%        2d6       41%         3

Your spell library contained the following spells:

 Spells                   Type           Power      Damage    Failure   Level
 Slow                     Hex            40%        N/A       19%         1
 Confusing Touch          Hex            10%        N/A       41%         3
 Dazzling Flash           Conj/Hex       20%        N/A       41%         3
 Volatile Blastmotes      Fire/Tloc      30%        2d12      41%         3
 Ice Form                 Ice/Tmut       13%        N/A       61%         4
 Iskenderun's Mystic Bla  Conj/Tloc      10%        2d4       75%         4
 Starburst                Conj/Fire      7%         6d4       100%        6


Dungeon Overview and Level Annotations

Branches:
Dungeon (5/15)             Temple (1/1) D:4

Altars:
Cheibriados
Kikubaaqudgha
Wu Jian


Innate Abilities, Weirdness & Mutations

You are a venomous arachnid creature.
You have venomous fangs.
You are tiny and dextrous.
Your spellcasting is less reliable in this form.
Your armour is entirely melded.
You are incapable of wielding weapons or throwing items.
((You have very sharp teeth.))
Your uncanny sense of smell can sniff out nearby items.
Your experience applies equally to all skills.


Message History

Your primal bloodlust is almost over.
The ice beast barely misses you. The sleepcap releases spores at you!
You wake up.
You spin and attack the sleepcap.
You hit the sleepcap.
The sleepcap is severely damaged.
Your transformation has ended.
Your +4 quarterstaff of chaos unmelds from your body.
Your +2 cloak unmelds from your body.
Your +0 robe unmelds from your body.
Your +4 quarterstaff of chaos is briefly surrounded by a scintillating aura of random colours.
The quokka bites you but does no damage.
The sleepcap releases spores at you.
You are engulfed in a cloud of soporific spores!
You are unaffected.
Unknown command.
Aiming: Wall Jump
Press: ? - help, Dir - move target You repeatedly attack the quokka from above.
You miss the quokka. You closely miss the quokka.
You howl as the wereblood boils in your veins!
The quokka barely misses you.
The quokka bites you but does no damage.
The quokka closely misses you. The ice beast hits you.
The ice beast freezes you!!
You feel a terrible chill!
* * * LOW HITPOINT WARNING * * *
Unknown command.
You spin and attack the ice beast.
You sock the ice beast!
The ice beast is moderately wounded.
You spin and attack the quokka.
You hit the quokka but do no damage.
You howl as the wereblood boils in your veins!
The quokka closely misses you.
The ice beast hits you but does no damage.
Casting: Wereblood (safe; 3% risk of failure)
Confirm with . or Enter, or press ? or * to list all spells.
You turn into a venomous arachnid creature.
Your +4 quarterstaff of chaos melds into your body.
Your +2 cloak melds into your body.
Your +0 robe melds into your body.
The quokka misses you. The ice beast hits you.
* * * LOW HITPOINT WARNING * * *
The ice beast freezes you!!
You feel a terrible chill!
You die...

.####+####.......+.......#
.# .. #.......#.......# ##
....##......#...)..## +
......'......#......+ #
......##...#####...##
...... #.#'#...#+#. .....
###.......### ...#+
#...........# ###
##.frs.....# +..Y......+
##.......## #.......#
####+#### ∆


You could see an ice beast, a sleepcap and a quokka.

Vanquished Creatures
  2 black bears
  A scorpion (D:5)
  Crazy Yiuf (D:4)
  2 hounds (D:5)
  2 iguanas (D:5)
  An orc wizard (D:3)
  3 gnolls (D:4)
  4 adders
  A worm (D:2)
  4 dart slugs
  5 orcs
  6 endoplasms
  A giant cockroach (D:1)
  5 goblins
  10 hobgoblins
  6 quokkas
  4 ball pythons
  4 bats
  A frilled lizard (D:2)
  6 kobolds
  2 rats (D:1)
71 creatures vanquished.

Notes
Turn   | Place    | Note
-------+----------+-------------------------------------------
     0 | D:1      | FishyPogo the Gnoll Transmuter began the quest for the Orb.
     0 | D:1      | Reached XP level 1. HP: 17/17 MP: 6/6
    40 | D:1      | Found a faded altar of an unknown god.
    50 | D:1      | Prayed at the altar of an unknown god.
    50 | D:1      | Became a worshipper of the Wu Jian Council
    50 | D:1      | Reached * piety under Wu Jian
   283 | D:1      | Reached XP level 2. HP: 21/23 MP: 5/7
   286 | D:1      | Learned a level 2 spell: Wereblood
   537 | D:2      | Reached skill level 5 in Spellcasting
   537 | D:2      | Reached XP level 3. HP: 28/28 MP: 5/9
   548 | D:2      | Reached skill level 1 in Invocations
   563 | D:2      | Reached skill level 1 in Short Blades
   563 | D:2      | Reached skill level 1 in Long Blades
   563 | D:2      | Reached skill level 1 in Axes
   563 | D:2      | Reached skill level 1 in Maces & Flails
   563 | D:2      | Reached skill level 1 in Polearms
   563 | D:2      | Reached skill level 1 in Staves
   563 | D:2      | Reached skill level 1 in Ranged Weapons
   563 | D:2      | Reached skill level 1 in Throwing
   563 | D:2      | Reached skill level 1 in Armour
   563 | D:2      | Reached skill level 1 in Stealth
   563 | D:2      | Reached skill level 1 in Shields
   563 | D:2      | Reached skill level 1 in Evocations
   568 | D:2      | Reached ** piety under Wu Jian
   679 | D:2      | Learned a level 3 spell: Spider Form
   779 | D:2      | Reached XP level 4. HP: 31/34 MP: 11/11
  1009 | D:3      | Reached skill level 1 in Conjurations
  1009 | D:3      | Reached skill level 1 in Hexes
  1009 | D:3      | Reached skill level 1 in Summonings
  1009 | D:3      | Reached skill level 1 in Necromancy
  1009 | D:3      | Reached skill level 1 in Translocations
  1009 | D:3      | Reached skill level 1 in Fire Magic
  1009 | D:3      | Reached skill level 1 in Ice Magic
  1009 | D:3      | Reached skill level 1 in Air Magic
  1009 | D:3      | Reached skill level 1 in Earth Magic
  1009 | D:3      | Reached skill level 1 in Poison Magic
  1675 | D:4      | Reached XP level 5. HP: 40/40 MP: 12/12
  1889 | D:4      | Found an ancient bone altar of Kikubaaqudgha.
  1889 | D:4      | Found a snail-covered altar of Cheibriados.
  1915 | D:4      | Found a staircase to the Ecumenical Temple.
  1970 | D:4      | Noticed a black bear
  1981 | D:4      | Killed a black bear
  1982 | D:4      | Reached XP level 6. HP: 28/47 MP: 14/14
  1988 | Temple   | Entered the Ecumenical Temple
  2292 | D:4      | Found a runed translucent door.
  2293 | D:4      | Noticed Crazy Yiuf
  2305 | D:4      | Killed Crazy Yiuf
  2306 | D:4      | Reached skill level 5 in Dodging
  2371 | D:5      | Entered Level 5 of the Dungeon
  2438 | D:5      | Noticed a black bear
  2446 | D:5      | Killed a black bear
  2449 | D:5      | Reached skill level 7 in Unarmed Combat
  2449 | D:5      | Reached XP level 7. HP: 4/52 MP: 15/15
  2711 | D:5      | Learned a level 3 spell: Vampiric Draining
  2787 | D:5      | Reached *** piety under Wu Jian
  2805 | D:5      | Mangled by an ice beast

Illustrated notes

Levels and vault maps discovered:
D:1:      spicycebolla_green_bress_n_ham, layout_basic,
          shapermc_ecumenical_altar_mp_ritualfount
D:2:      layout_rooms, nicolae_figureground_sparkle
D:3:      layout_loops_ring
D:4:      layout_loops_ring, amethyst_overflow_temple_binary,
          minmay_temple_entry_water_ring, uniq_crazy_yiuf_cottage
D:5:      nicolae_cairo_tiling_very_big, layout_loops_ring,
          ebering_ghost_sewer_d
Temple:   nicolae_temple_godzebo

Skill      XL: |  1  2  3  4  5  6  7 |
---------------+----------------------+-----
Spellcasting   | 5 |  5.6
Invocations    | 1 2 |  2.8
Short Blades   | 1 2 |  2.5
Long Blades    | 1 2 |  2.5
Axes           | 1 2 |  2.5
Maces & Flails | 1 2 |  2.5
Polearms       | 1 2 |  2.5
Staves         | 1 2 |  2.5
Ranged Weapons | 1 2 |  2.5
Throwing       | 1 2 |  2.5
Armour         | 1 2 |  2.5
Stealth        | 1 2 |  2.5
Shields        | 1 2 |  2.5
Evocations     | 1 2 |  2.5
Conjurations   | 1 2 |  2.0
Hexes          | 1 2 |  2.0
Summonings     | 1 2 |  2.0
Necromancy     | 1 2 |  2.0
Translocations | 1 2 |  2.0
Fire Magic     | 1 2 |  2.0
Ice Magic      | 1 2 |  2.0
Air Magic      | 1 2 |  2.0
Earth Magic    | 1 2 |  2.0
Poison Magic   | 1 2 |  2.0
Fighting       | 3 |  3.6
Transmutations | 4 |  4.3
Dodging        | 5 |  5.2
Unarmed Combat | 7 |  7.0

Action                     |  1- 3 |  4- 6 |  7- 9 || total
---------------------------+-------+-------+-------++-------
  Melee: Unarmed           |    76 |    87 |    12 ||   175
         Kick              |    12 |     5 |       ||    17
         Headbutt          |     4 |     4 |       ||     8
         Bite              |     6 |     3 |       ||     9
         Punch             |     2 |       |       ||     2
         Quarterstaff      |       |       |     6 ||     6
   Cast: Beastly Appendage |    14 |    12 |       ||    26
         Wereblood         |     2 |     2 |     1 ||     5
         Spider Form       |       |     7 |     3 ||    10
Ability: Whirlwind         |    13 |    30 |     9 ||    52
         Lunge             |    13 |    15 |     2 ||    30
         Wall Jump         |       |     1 |     1 ||     2
   Stab: Sleeping          |     1 |     1 |       ||     2
 Armour: Robe              |     5 |     3 |     3 ||    11
         Skin              |       |     2 |       ||     2
  Dodge: Dodged            |    26 |    58 |    16 ||   100
